 Dungeon Crawl Stone Soup version 0.30.1-4-g462c640d31 (webtiles) character file.

Game seed: 3666900235923833120

128 spardeous the Conjurer (level 4, -14/33 HPs)
             Began as a Demigod Conjurer on Aug 18, 2023.
             Killed from afar by Natasha (17 damage)
             ... with a bolt of dispelling energy
             ... on level 2 of the Dungeon.
             The game lasted 00:02:32 (2924 turns).

spardeous the Conjurer (Demigod Conjurer)           Turns: 2924, Time: 00:02:32

Health: -14/33     AC:  2    Str: 12    XL:     4   Next: 58%
Magic:  1/9        EV: 12    Int: 20    God:
Gold:   70         SH:  0    Dex: 12    Spells: 3/6 levels left

rFire   . . .        (no weapon)
rCold   . . .        (no shield)
rNeg    . . .        a - +0 robe
rPois   .            (no helmet)
rElec   .            (no cloak)
rCorr   .            (no gloves)
SInv    .            (no boots)
Will    .....        (no amulet)
Stlth   ++           (no ring)
HPRegen 0.25/turn    (no ring)
MPRegen 0.11/turn

%: no passive effects
@: no status effects
A: high MP 1, forlorn, divine attributes
a: no special abilities


You were on level 2 of the Dungeon.
You visited 1 branch of the dungeon, and saw 2 of its levels.

You collected 70 gold pieces.

Inventory:

Armour
 a - a +0 robe (worn)
Wands
 l - a wand of mindburst (20)
 q - a wand of polymorph (6)
Scrolls
 d - 2 scrolls of identify {unknown}
 e - 2 scrolls of brand weapon {unknown}
 f - a scroll of blinking {unknown}
 g - 5 scrolls of teleportation {unknown}
 i - 2 scrolls of fear {unknown}
 j - a scroll of summoning {unknown}
 p - a scroll of amnesia {unknown}
Potions
 b - a potion of magic
 c - 2 potions of attraction {unknown}
 h - a potion of haste {unknown}
 k - a potion of might {unknown}
 m - a potion of berserk rage {unknown}
 n - 2 potions of ambrosia {unknown}
 o - a potion of degeneration {unknown}


   Skills:
 - Level 1.7 Dodging
 - Level 1.7 Stealth
 - Level 1.7 Spellcasting
 + Level 5.7 Conjurations


You had 3 spell levels left.
You knew the following spells:

 Your Spells              Type           Power      Damage    Failure   Level
a - Magic Dart            Conj           96%        1d7       1%          1
b - Searing Ray           Conj           48%        2d6       2%          2

Your spell library contained the following spells:

 Spells                   Type           Power      Damage    Failure   Level
 Dazzling Flash           Conj/Hex       26%        N/A       16%         3
 Scorch                   Fire           2%         2d5       24%         2
 Flame Wave               Conj/Fire      13%        2d6       45%         4
 Fulminant Prism          Conj/Hex       6%         3d7       45%         4
 Iskenderun's Mystic Bla  Conj/Tloc      13%        2d5       45%         4
 Summon Cactus Giant      Summ           0%         N/A       100%        6


Dungeon Overview and Level Annotations

Branches:
Dungeon (2/15)

Annotations:
D:2 Natasha


Innate Abilities, Weirdness & Mutations

You have an increased reservoir of magic. (+10% MP)
You shall have no god before yourself.
Your divine heritage dramatically boosts your attributes as you level up.


Message History

Aiming: Searing Ray (safe; 2% risk of failure)
Press: ? - help, Shift-Dir - straight line, f - Natasha
Aim: Natasha, carrying a wand of quicksilver (8) (wandering, hasn't noticed you, 74% to hit)
The searing ray hits Natasha.
Natasha is moderately wounded.
Natasha hisses angrily. (Press . to maintain the ray.) Natasha casts a spell at you.
The magic dart hits you.
You take 4 damage, and have 29/33 hp.
You now have 7/9 mp.
The searing ray misses Natasha.
Natasha zaps a wand.
The bolt of dispelling energy hits you!!
Ouch! That really hurt!
* * * LOW HITPOINT WARNING * * *
You take 21 damage, and have 8/33 hp.
MASSIVE DAMAGE!!
You now have 6/9 mp.
The searing ray hits Natasha.
Natasha is heavily wounded.
Natasha misses you.
You now have 5/9 mp.
The searing ray misses Natasha.
You finish channelling your searing ray.
Natasha claws you.
* * * LOW HITPOINT WARNING * * *
You take 4 damage, and have 4/33 hp.
You now have 4/9 mp.
Unknown command.
Casting: Searing Ray (safe; 2% risk of failure)
Confirm with . or Enter, or press ? or * to list all spells.
Aiming: Searing Ray (safe; 2% risk of failure)
Press: ? - help, Shift-Dir - straight line, f/p - Natasha
Aim: Natasha, carrying a wand of quicksilver (7) (heavily wounded, 74% to hit)
The searing ray hits Natasha.
Natasha is almost dead. (Press . to maintain the ray.) Natasha claws you.
* * * LOW HITPOINT WARNING * * *
You take 1 damage, and have 3/33 hp.
You now have 2/9 mp.
The searing ray misses Natasha.
Natasha zaps a wand.
The bolt of dispelling energy hits you!
Ouch! That really hurt!
You die...

***** *,,,* ###*** *******,*,**#
#..,,****** *<,,,,,,*,,.#
#.#*,**,,,, ***########.#
#.#*,**,,†, #....#.h.#
#.#*,*****,
#.##.#@######.#*,#,,,,,
#.##.#........##.#..,..
#....########....#..#.# ####..#
#.#..#.<.., #.....# #.####.#.##
#.###.########.........,
##########.# #.........##..##..##
......>..#.######..............#.
....##.....#............##.......


You could see Natasha.

Vanquished Creatures
  Natasha (twice) (D:2)
  2 adders (D:2)
  A worm (D:2)
  A dart slug (D:1)
  8 ball pythons
  5 bats
  7 endoplasms
  2 goblins (D:1)
  4 hobgoblins
  6 jackals (D:1)
  6 kobolds (D:1)
  3 quokkas
  4 frilled lizards
  2 rats (D:1)
53 creatures vanquished.

Notes
Turn   | Place    | Note
-------+----------+-------------------------------------------
     0 | D:1      | spardeous the Demigod Conjurer began the quest for the Orb.
     0 | D:1      | Reached XP level 1. HP: 14/14 MP: 5/5
   337 | D:1      | Reached skill level 4 in Conjurations
   387 | D:1      | Reached XP level 2. HP: 14/20 MP: 2/7
  1202 | D:1      | Reached XP level 3. HP: 26/26 MP: 6/8
  1536 | D:2      | Learned a level 2 spell: Searing Ray
  1757 | D:2      | Reached skill level 5 in Conjurations
  2325 | D:2      | Noticed Natasha
  2331 | D:2      | Killed Natasha
  2332 | D:2      | Reached XP level 4. HP: 33/33 MP: 1/9
  2651 | D:2      | Noticed Natasha
  2662 | D:2      | Killed Natasha
  2911 | D:2      | Noticed Natasha
  2924 | D:2      | Killed from afar by Natasha

Illustrated notes

Levels and vault maps discovered:
D:1:      dpeg_arrival_erosion, layout_loops_ring
D:2:      layout_basic, serial_curves, eino_curves_01, eino_curves_04,
          hellmonk_ecumenical_altar_slurped_away, uniq_natasha

Skill      XL: |  1  2  3 |
---------------+----------+-----
Conjurations   | 4 5 |  5.7
Dodging        | |  1.7
Stealth        | |  1.7
Spellcasting   | |  1.7

Action                     |  1- 3 |  4- 6 || total
---------------------------+-------+-------++-------
  Melee: Unarmed           |     5 |       ||     5
   Cast: Magic Dart        |   112 |       ||   112
         Searing Ray       |     2 |     3 ||     5
 Armour: Robe              |    33 |       ||    33
  Dodge: Dodged            |    96 |     1 ||    97
